 Dungeon Crawl Stone Soup version 0.28.0-47-ge53b351184 (webtiles) character file.

Game seed: 16892098730078702261

23476 Revguard the Cleaver (level 12, -1/94 HPs)
             Began as a Demonspawn Berserker on May 6, 2022.
             Was an Elder of Trog.
             Slain by a +4 long sword (15 damage)
             ... on level 14 of the Dungeon.
             The game lasted 00:40:48 (15068 turns).

Revguard the Cleaver (Demonspawn Berserker)        Turns: 15068, Time: 00:40:48

Health: -1/94      AC: 25    Str: 20    XL:     12   Next: 72%
Magic:  4/4        EV: 15    Int:  9    God:    Trog [****..]
Gold:   1048       SH:  9    Dex: 21    Spells: 11/11 levels left

rFire   . . .      SeeInvis .   e - +5 executioner's axe (antimagic)
rCold   + . .      Faith    .   (shield currently unavailable)
rNeg    . . .      Spirit   .   b - +2 chain mail {rC+}
rPois   .          Reflect  +   (helmet restricted)
rElec   .          Harm     .   i - scarf {+Inv}
rCorr   .          Rampage  .   c - +2 pair of gloves
Will    ++...                   (no boots)
Stlth   ..........              m - amulet of reflection
HPRegen 1.25/turn               d - +4 ring of protection
MPRegen 0.09/turn               g - +6 ring of dexterity

@: strong-willed, regenerating, hasted, very quick
A: antennae 1, repulsion field 2, icemail 1, powered by death 2, condensation
shield, beak
a: Renounce Religion, Evoke Invisibility, Berserk, Trog's Hand, Brothers in Arms


You were on level 14 of the Dungeon.
You worshipped Trog.
Trog was greatly pleased with you.
You visited 2 branches of the dungeon, and saw 15 of its levels.
You also visited: Gauntlet.

You collected 1048 gold pieces.

Inventory:

Hand Weapons
 e - a +5 antimagic executioner's axe (weapon)
 y - a +3 great mace
Armour
 b - a +2 chain mail of cold resistance (worn)
 c - a +2 pair of gloves (worn)
 i - a scarf of invisibility (worn)
Jewellery
 d - a +4 ring of protection (left hand)
 g - a +6 ring of dexterity (right hand)
 m - an amulet of reflection (around neck)
 z - an amulet of regeneration
Wands
 f - a wand of charming (6)
 j - a wand of polymorph (8)
 k - a wand of mindburst (20)
 p - a wand of digging (3)
 x - a wand of iceblast (22)
 F - a wand of paralysis (2)
Scrolls
 a - a scroll of fear
 l - a scroll of teleportation
 r - 3 scrolls of silence
 v - 3 scrolls of fog
 A - 3 scrolls of blinking
 C - a scroll of holy word {unknown}
 I - a scroll of identify
Potions
 h - 3 potions of resistance
 n - 2 potions of berserk rage
 q - 2 potions of curing
 s - 5 potions of lignification
 u - a potion of magic
 B - a potion of ambrosia
 E - 2 potions of mutation
 G - a potion of flight
Miscellaneous
 o - a tin of tremorstones (inert)


   Skills:
 + Level 8.8 Fighting
 * Level 11.1 Axes
 * Level 10.9 Armour
 + Level 7.8 Dodging
 + Level 8.3 Evocations


You had 11 spell levels left.
You didn't know any spells.
Your spell library was empty.

Dungeon Overview and Level Annotations

Branches:
Dungeon (14/15)            Temple (1/1) D:7            Lair (0/6) D:10
    Orc (0/2) D:12         Vaults (0/5) D:14        Gauntlet (visited)

Altars:
Ashenzari
Cheibriados
Dithmenos
Elyvilon
Fedhas
Gozag
Hepliaklqana
Kikubaaqudgha
Makhleb
Nemelex Xobeh
Okawaru
Qazlal
Ru
Sif Muna
Trog
Uskayaw
Vehumet
Wu Jian
Xom
Yredelemnul
Zin
The Shining One

Shops:
D:2 !   D:9 :

Annotations:
D:7 2 runed translucent doors


Innate Abilities, Weirdness & Mutations

You have a pair of small antennae on your head.
You are surrounded by a moderate repulsion field. (EV +3)
A meltable icy envelope protects you from harm. (AC +4)
You regenerate health from kills.
A meltable shield of frost defends you. (SH +4)
You have a beak for a mouth.


Message History

Trog accepts your kill.
Things that are here:
a +0 longbow; 24 arrows You open the door.
There is an open door here.
A +9 long sword comes into view.
Found 15 gold pieces.
Found a gate to the Vaults.
A +4 long sword comes into view.
The +9 long sword barely misses you.
You barely miss the +9 long sword. You peck the +9 long sword.
The +9 long sword is lightly damaged.
The +9 long sword hits you but does no damage.
The +9 long sword hits you!
You slice the +9 long sword!!
The +9 long sword falls from the air.
Trog accepts your kill.
The +4 long sword hits you but does no damage.
You barely miss the +4 long sword. The +4 long sword hits you!
You block the +4 long sword's attack.
You hit the +4 long sword but do no damage.
The +4 long sword hits you but does no damage. x2
You closely miss the +4 long sword. The +4 long sword hits you!
You block the +4 long sword's attack. The +4 long sword hits you!
You miss the +4 long sword.
You peck the +4 long sword, but do no damage.
The +4 long sword hits you. The +4 long sword closely misses you.
You completely miss the +4 long sword. You peck the +4 long sword.
The +4 long sword is lightly damaged.
The +4 long sword closely misses you. The +4 long sword hits you!
Your skin crawls.
You feel strong-willed. The +4 long sword barely misses you.
The +4 long sword hits you!
* * * LOW HITPOINT WARNING * * *
The +4 long sword hits you.
* * * LOW HITPOINT WARNING * * *
Okay, then.
You feel yourself speed up. The +4 long sword closely misses you.
The +4 long sword hits you!
You die...

## ######... #########
#........ #.......######
##........
#.......#...[#####......#
#.......'.....@(....)..#
#.......#....######......∩.
#.>.............. #....####
#...)......#####.##.....#
###........# ....$...
#........# .........
#........# .#....#..
#.....#### #. .##.#..
#####.....#


You could see a +4 long sword.

Vanquished Creatures
  A minotaur (Gauntlet)
  2 boulder beetles
  A centaur warrior (D:14)
  A dancing weapon (D:14)
  A tengu warrior (D:13)
  The ghost of kalagan the Magician, a novice DjCj of Qazlal (D:6)
  The ghost of kalagan the Thaumaturge, a novice DECj of Sif Muna (D:8)
  2 ugly things
  5 cyclopes
  2 manticores
  A gargoyle (D:13)
  A smoke demon (Gauntlet)
  2 minotaur zombies (Gauntlet)
  An efreet (D:13)
  A kobold demonologist (D:10)
  3 trolls
  Grinder (D:3)
  18 slime creatures
  A dream sheep (shapeshifter) (D:13)
  A shadow (D:12)
  Sigmund (D:3)
  A wyvern (D:7)
  16 yaks
  4 wraiths
  A human (shapeshifter) (D:13)
  A basilisk (D:13)
  6 vampire mosquitoes
  2 wargs (D:10)
  Menkaure (D:5)
  3 acid dragons
  2 water moccasins
  8 orc warriors
  2 black bears
  2 sky beasts
  3 necrophages
  5 ogres
  7 centaurs
  A kobold brigand (D:8)
  2 gnoll sergeants
  3 scorpions
  4 bullfrogs
  A wyvern zombie (D:8)
  6 howler monkeys
  2 crimson imps (Gauntlet)
  A centaur zombie (D:4)
  A gnoll shaman (D:9)
  4 hounds
  A jelly (D:8)
  9 orc priests
  2 bullfrog skeletons (D:5)
  Ijyb (D:4)
  Jessica (D:2)
  A centaur skeleton (D:7)
  3 iguanas
  Natasha (twice) (D:2)
  15 orc wizards
  A killer bee zombie (D:6)
  2 hound skeletons
  2 howler monkey zombies
  Robin (D:2)
  11 gnolls
  9 adders
  A shadow imp (D:8)
  A white imp (D:6)
  An ufetubus (D:5)
  An adder skeleton (D:4)
  A worm (D:2)
  4 dart slugs
  62 orcs
  8 ball pythons
  7 endoplasms
  2 giant cockroaches (D:2)
  12 goblins
  10 hobgoblins
  6 quokkas
  8 bats
  3 frilled lizards (D:1)
  11 kobolds
  2 rats (D:2)
338 creatures vanquished.

Vanquished Creatures (collateral kills)
  An orc (D:12)
1 creature vanquished.

Vanquished Creatures (others)
  A manticore (D:13)
  A vampire mosquito (D:13)
  40 plants
42 creatures vanquished.

Grand Total: 381 creatures vanquished

Notes
Turn   | Place    | Note
-------+----------+-------------------------------------------
     0 | D:1      | Revguard the Demonspawn Berserker began the quest for the
                  | Orb.
     0 | D:1      | Reached XP level 1. HP: 18/18 MP: 1/1
   481 | D:1      | Gained mutation: A meltable shield of frost defends you.
                  | (SH +4) [demonic ancestry]
   481 | D:1      | Reached XP level 2. HP: 21/24 MP: 2/2
   824 | D:1      | Reached skill level 3 in Axes
   966 | D:1      | Reached ** piety under Trog
  1333 | D:2      | Reached XP level 3. HP: 19/29 MP: 3/3
  1440 | D:2      | Found Maxuyt's Distillery.
  1828 | D:2      | Found a faded altar of an unknown god.
  1837 | D:2      | Noticed Robin
  1859 | D:2      | Reached skill level 1 in Evocations
  1859 | D:2      | Killed Robin
  1860 | D:2      | Gained mutation: You have a pair of small antennae on your
                  | head. [demonic ancestry]
  1860 | D:2      | Reached XP level 4. HP: 31/35 MP: 4/4
  2095 | D:2      | Noticed Natasha
  2104 | D:2      | Killed Natasha
  2341 | D:2      | Noticed Jessica
  2351 | D:2      | Killed Jessica
  2352 | D:2      | Reached XP level 5. HP: 41/41 MP: 5/5
  2450 | D:2      | Noticed Natasha
  2469 | D:2      | Killed Natasha
  2585 | D:3      | Noticed Grinder
  2608 | D:3      | Killed Grinder
  2609 | D:3      | Reached skill level 4 in Axes
  2609 | D:3      | Gained mutation: You regenerate a little health from kills.
                  | [demonic ancestry]
  2609 | D:3      | Reached XP level 6. HP: 25/48 MP: 6/6
  2808 | D:3      | Noticed Sigmund
  2820 | D:3      | Killed Sigmund
  2821 | D:3      | Gained mutation: You are surrounded by a mild repulsion
                  | field. (EV +2) [demonic ancestry]
  2821 | D:3      | Reached XP level 7. HP: 48/54 MP: 7/7
  2932 | D:3      | Reached *** piety under Trog
  4134 | D:4      | Noticed Ijyb
  4153 | D:4      | Killed Ijyb
  4292 | D:5      | Entered Level 5 of the Dungeon
  4309 | D:5      | Noticed Menkaure
  4322 | D:5      | Killed Menkaure
  4323 | D:5      | Reached skill level 5 in Axes
  4697 | D:5      | Reached XP level 8. HP: 61/61 MP: 8/8
  4773 | D:5      | Reached skill level 5 in Armour
  5275 | D:5      | Gained mutation: You do not regenerate when monsters are
                  | visible. [potion of mutation]
  5275 | D:5      | Gained mutation: You sometimes lose the ability to read
                  | scrolls when taking damage. [potion of mutation]
  5275 | D:5      | Gained mutation: Your mind is acute. (Int +2) [potion of
                  | mutation]
  5275 | D:5      | Gained mutation: Your muscles are strong. (Str +2) [potion
                  | of mutation]
  5276 | D:5      | Lost mutation: Your mind is acute. (Int +2) [potion of
                  | mutation]
  5276 | D:5      | Lost mutation: Your muscles are strong. (Str +2) [potion of
                  | mutation]
  5276 | D:5      | Gained mutation: You are clumsy. (Dex -2) [potion of
                  | mutation]
  5276 | D:5      | Gained mutation: You have a beak for a mouth. [potion of
                  | mutation]
  5420 | D:6      | Reached skill level 5 in Fighting
  5461 | D:6      | Reached skill level 6 in Axes
  5767 | D:6      | Reached **** piety under Trog
  6119 | D:6      | Noticed kalagan's ghost (novice DjCj)
  6121 | D:6      | Found a transporter.
  6121 | D:6      | Found a transporter.
  6248 | D:6      | Gained mutation: You are surrounded by a moderate repulsion
                  | field. (EV +3) [demonic ancestry]
  6248 | D:6      | Reached XP level 9. HP: 61/68 MP: 9/9
  6298 | D:6      | Killed kalagan's ghost
  6299 | D:6      | Reached skill level 7 in Axes
  6499 | D:7      | Found a staircase to the Ecumenical Temple.
  6512 | Temple   | Entered the Ecumenical Temple
  6818 | D:7      | Found a large runed translucent door.
  6818 | D:7      | Found a large runed translucent door.
  6827 | D:7      | Noticed a manticore
  6840 | D:7      | Found a large runed translucent door.
  6840 | D:7      | Found a large runed translucent door.
  6901 | D:7      | Reached skill level 5 in Evocations
  6916 | D:7      | Reached skill level 5 in Dodging
  7987 | D:7      | Gained mutation: You regenerate health from kills. [demonic
                  | ancestry]
  7987 | D:7      | Reached XP level 10. HP: 76/76 MP: 10/10
  8280 | D:7      | Killed a manticore
  8503 | D:8      | Reached skill level 8 in Axes
  9416 | D:8      | Found a runed translucent door.
  9422 | D:8      | Noticed kalagan's ghost (novice DECj)
  9433 | D:8      | Killed kalagan's ghost
  9445 | D:8      | Lost mutation: You sometimes lose the ability to read
                  | scrolls when taking damage. [potion of mutation]
  9445 | D:8      | Lost mutation: You do not regenerate when monsters are
                  | visible. [potion of mutation]
  9445 | D:8      | Lost mutation: You are clumsy. (Dex -2) [potion of
                  | mutation]
  9568 | D:9      | Found Beimor Agea's Self-Improvement Boutique.
 10229 | D:10     | Entered Level 10 of the Dungeon
 10262 | D:10     | Gained mutation: A meltable icy envelope protects you from
                  | harm. (AC +4) [demonic ancestry]
 10262 | D:10     | Reached XP level 11. HP: 65/84 MP: 11/11
 10290 | D:10     | Reached skill level 9 in Axes
 10417 | D:10     | Noticed a sixfirhy
 10426 | D:10     | Noticed a sun demon
 10817 | D:10     | Found a staircase to the Lair.
 11267 | D:11     | Found a gate leading to a gauntlet.
 11361 | Gauntlet | Entered a Gauntlet
 11361 | Gauntlet | Found a transporter.
 11370 | Gauntlet | Found a transporter.
 11373 | Gauntlet | Found a transporter.
 11374 | Gauntlet | Found a transporter.
 11379 | Gauntlet | Noticed a wizard
 11382 | Gauntlet | Found a transporter.
 11385 | Gauntlet | Found a transporter.
 11386 | Gauntlet | Found a transporter.
 11396 | Gauntlet | Found a transporter.
 11398 | Gauntlet | Found a transporter.
 11399 | Gauntlet | Found a transporter.
 11402 | Gauntlet | Noticed a glowing orange brain
 11403 | Gauntlet | Noticed a cyan ugly thing
 11403 | Gauntlet | Noticed a red ugly thing
 11407 | Gauntlet | Found a transporter.
 11408 | Gauntlet | Noticed a glowing orange brain
 11410 | Gauntlet | Found a transporter.
 11411 | Gauntlet | Found a transporter.
 11414 | Gauntlet | Noticed a fire crab
 11419 | Gauntlet | Found a transporter.
 11582 | Gauntlet | Noticed a minotaur
 11601 | Gauntlet | HP: 2/126 [minotaur/staff of cold (9)]
 11602 | Gauntlet | Killed a minotaur
 12159 | Gauntlet | Identified a scroll of acquirement
 12161 | Gauntlet | Acquired a +0 antimagic executioner's axe
 12657 | D:11     | Found a blossoming altar of Fedhas.
 12664 | D:11     | Noticed a boulder beetle
 12690 | D:11     | Killed a boulder beetle
 12934 | D:12     | Noticed a green ugly thing
 12941 | D:12     | Killed a green ugly thing
 13265 | D:12     | Reached skill level 10 in Axes
 13354 | D:12     | Reached XP level 12. HP: 92/92 MP: 4/12
 13414 | D:12     | Reached skill level 10 in Armour
 13792 | D:12     | Found a staircase to the Orcish Mines.
 14189 | D:13     | Noticed a tengu warrior
 14202 | D:13     | Killed a tengu warrior
 14207 | D:13     | Noticed a boulder beetle
 14240 | D:13     | Killed a boulder beetle
 14241 | D:13     | Found a shimmering altar of Xom.
 14918 | D:14     | Reached skill level 11 in Axes
 15029 | D:14     | Noticed a centaur warrior
 15036 | D:14     | Killed a centaur warrior
 15053 | D:14     | Found a gate to the Vaults.
 15068 | D:14     | Slain by a +4 long sword

Illustrated notes

Levels and vault maps discovered:
D:1:      roderic_crop_circles_arrival_small, layout_basic
D:2:      layout_basic, ebering_ecumenical_altar_abandoned, serial_shops, shop,
          minmay_vboxes, uniq_natasha, uniq_robin, uniq_jessica
D:3:      layout_loops_cross, minmay_fractal_squares_diagonal_5, uniq_sigmund,
          uniq_grinder
D:4:      layout_basic, lemuel_crystal_altar, uniq_ijyb
D:5:      layout_loops_cross, hangedman_decor_growths, uniq_menkaure
D:6:      layout_loops_corners, gammafunk_ghost_smash,
          chequers_serial_rivers_micro_a, minmay_crystal_room,
          kennysheep_small_square
D:7:      layout_loops_corners, minmay_temple_entry_glassed_door,
          minmay_hollow_rounded_squares
D:8:      layout_loops_corners, ebering_ghost_reflecting_pool, st_stairs_1
D:9:      layout_gridville, nicolae_shop_self_help
D:10:     layout_loops_ring, erik_lair_orcish_takeover
D:11:     layout_layer_cave, gauntlet_entry_generic, fedhas_ov_isle_minmay
D:12:     layout_loops_cross, hiddenorc1_lemuel
D:13:     layout_loops_ring, xom_confusion_cloud
D:14:     layout_basic, erik_vaults_1, minmay_misc_feat_square
Temple:   roderic_octagonal_lattice_temple

Skill      XL: |  1  2  3  4  5  6  7  8  9 10 11 12 |
---------------+-------------------------------------+-----
Armour         | 2 3 4 6 7 8 9 10 | 10.9
Axes           | 3 4 5 6 7 8 10 11 | 11.1
Dodging        | 2 3 4 5 6 7 |  7.8
Evocations     | 1 2 3 4 5 6 7 8 |  8.3
Fighting       | 4 5 6 7 8 |  8.8

Action                   |  1- 3 |  4- 6 |  7- 9 | 10-12 || total
-------------------------+-------+-------+-------+-------++-------
Melee: Hand axe          |   164 |    98 |   499 |   466 ||  1227
       Punch             |     5 |       |     6 |     9 ||    20
       Peck              |       |       |    54 |   190 ||   244
       Executioner's axe |       |       |       |   180 ||   180
Invok: Berserk           |       |     1 |     3 |    18 ||    22
       Trog's Hand       |       |     1 |     3 |    18 ||    22
       Brothers in Arms  |       |       |       |     1 ||     1
Evoke: Wand              |       |     1 |       |     2 ||     3
       Tin of tremorston |       |       |       |     3 ||     3
  Use: Scroll            |     1 |     3 |     4 |    16 ||    24
       Potion            |       |     2 |     4 |     8 ||    14
 Stab: Sleeping          |     1 |       |       |       ||     1
       Invisible         |       |       |       |     7 ||     7
Armor: Animal skin       |    28 |       |       |       ||    28
       Chain mail        |    53 |    55 |   181 |   182 ||   471
       Ring mail         |       |       |    23 |   106 ||   129
Dodge: Dodged            |    79 |    42 |   248 |   430 ||   799
Block: Other             |    15 |    10 |   201 |   322 ||   548
       Reflection        |       |       |     3 |    10 ||    13
